AoeStats
← Shadov

Arena

510905104Analyzed
4v4 RM · 6h ago on Oct 3, 2026· 93m 9s· 8 players
Game mode
Random Map
Map size
Large (8 player)
Population
200
Speed
Normal
Resources
Standard
Victory
Conquest
Starting age
Dark Age
Ending age
Imperial Age
RankedLock teamsTeams togetherTeam positionsShared explorationLock speedFull tech treeHidden civsTurbo modeCheats
Victory
Defeat
🇨🇦 Turks · Canada
803
+14
🇨🇦 Britons · Canada
697
+18
🇨🇦 Spanish · Canada
667
+19
🇨🇦 Japanese · Canada
647
+20
🇺🇸 Danes · United States
833
-20
🇺🇸 Cumans · United States
832
-21
🇺🇸 Teutons · United States
761
-19
🇺🇸 Portuguese · United States
565
-11
kaipulla
12:05 Feudal Age
10:21 Loom
15:58 Castle Age
14:49 Double-Bit Axe
14:46 Horse Collar
15:45 Scale Barding Armor
21:46 Chain Barding Armor
21:27 Scale Mail Armor
21:38 Forging
21:33 Heavy Plow
26:33 Bow Saw
28:52 Squires
30:34 Town Watch
31:25 Wheelbarrow
31:31 Wheelbarrow
31:03 Pikeman
32:59 Chain Mail Armor
33:20 Iron Casting
35:14 Arson
35:41 Padded Archer Armor
35:31 Fletching
42:18 Bodkin Arrow
42:39 Leather Archer Armor
42:46 Thumb Ring
43:56 Ballistics
43:47 Fortified Wall
43:33 Murder Holes
43:18 Elite Skirmisher
46:56 Imperial Age
44:42 Hand Cart
45:02 Hand Cart
44:52 Town Patrol
48:52 Halberdier
53:11 Chemistry
68:10 Stone Mining
75:20 Stone Shaft Mining
88:25 Plate Barding Armor
88:51 Blast Furnace
88:22 Plate Mail Armor
87:53 Bracer
88:23 Ring Archer Armor
93:03 Masonry
Idontcare
12:19 Feudal Age
10:37 Loom
11:25 Loom
14:24 Double-Bit Axe
17:48 Castle Age
17:03 Horse Collar
17:59 Gold Mining
19:31 Wheelbarrow
22:39 Fletching
22:50 Padded Archer Armor
34:44 Bloodlines
34:35 Husbandry
37:44 Fortified Wall
37:31 Murder Holes
41:31 Imperial Age
41:05 Scale Barding Armor
42:46 Conscription
50:41 Chain Barding Armor
51:09 Heavy Plow
53:35 Man-at-Arms
55:51 Conscription
56:44 Thumb Ring
58:40 Bow Saw
62:39 Caravan
65:03 Two-Man Saw
64:15 Squires
66:35 Hand Cart
69:41 Town Watch
70:37 Coinage
71:06 Scale Mail Armor
71:07 Padded Archer Armor
71:03 Bodkin Arrow
72:50 Leather Archer Armor
73:03 Heavy Scorpion
75:01 Heavy Camel Rider
77:35 Banking
83:16 Bombard Tower
83:18 Ballistics
82:39 Treadmill Crane
92:41 Spies/Treason
wild bill_1234
13:59 Feudal Age
18:31 Castle Age
16:21 Horse Collar
16:43 Double-Bit Axe
18:29 Gold Mining
20:41 Stone Mining
21:30 Gold Shaft Mining
20:51 Fletching
21:02 Padded Archer Armor
22:31 Bodkin Arrow
26:53 Wheelbarrow
31:43 Imperial Age
29:29 Hand Cart
31:01 Leather Archer Armor
31:18 Bow Saw
31:13 Heavy Plow
31:48 Elite Longbowman
36:24 Warwolf
41:00 Chemistry
39:46 Arrowslits
40:05 Bracer
40:36 Ring Archer Armor
41:56 Conscription
52:21 Hoardings
52:32 Hoardings
67:16 Murder Holes
74:40 Onager
91:43 Ballistics
91:30 Siege Engineers
91:37 Masonry
Shadov
0:35 Loom
11:33 Feudal Age
16:49 Castle Age
15:22 Double-Bit Axe
15:22 Horse Collar
15:41 Stone Mining
16:04 Gold Mining
17:33 Wheelbarrow
17:28 Town Watch
19:25 Bow Saw
23:41 Fervor
28:00 Hand Cart
28:35 Gold Shaft Mining
27:38 Elite Skirmisher
30:32 Treadmill Crane
31:13 Ballistics
30:58 Town Patrol
34:17 Imperial Age
32:48 Yasama
37:22 Thumb Ring
37:48 Conscription
37:48 Kataparuto
40:41 Elite Samurai
42:54 Caravan
44:46 Crossbowman
47:10 Husbandry
48:55 Bloodlines
50:26 Hoardings
52:12 Arbalester
55:31 Heavy Scorpion
56:44 Forging
56:35 Scale Mail Armor
56:40 Scale Barding Armor
56:36 Padded Archer Armor
56:27 Fletching
57:43 Chemistry
56:29 Arrowslits
56:34 Guard Tower
56:55 Fortified Wall
56:40 Murder Holes
56:51 Siege Engineers
56:56 Masonry
74:18 Chain Barding Armor
74:14 Chain Mail Armor
74:35 Iron Casting
73:55 Bodkin Arrow
74:16 Leather Archer Armor
74:42 Keep
84:25 Cavalier
93:02 Spies/Treason
kawaiilegend2
7:40 Loom
11:31 Feudal Age
17:50 Castle Age
16:01 Double-Bit Axe
16:21 Horse Collar
16:36 Stone Mining
16:50 Gold Mining
19:56 Bow Saw
22:35 Wheelbarrow
23:47 Scale Mail Armor
23:48 Padded Archer Armor
27:07 Gold Shaft Mining
27:00 Heavy Plow
29:12 Squires
29:36 Forging
29:42 Chain Mail Armor
30:11 Hamask
37:36 Imperial Age
38:36 Elite Varangian Guard
39:02 Arson
39:50 Fervor
40:29 Ballistics
40:56 Plate Mail Armor
41:02 Iron Casting
40:41 Town Watch
45:47 Fletching
47:38 Murder Holes
47:44 Bodkin Arrow
48:50 Blast Furnace
47:50 Onager
48:55 Conscription
49:58 Northmen's Fury
53:27 Elite Jomsviking
53:56 Arrowslits
54:59 Leather Archer Armor
74:24 Light Cavalry
75:43 Husbandry
80:02 Elite Skirmisher
82:04 Ring Archer Armor
82:40 Hand Cart
BeanBuster3000
0:38 Loom
11:13 Feudal Age
12:09 Double-Bit Axe
13:32 Wheelbarrow
12:52 Horse Collar
13:16 Town Watch
14:39 Man-at-Arms
15:05 Arson
18:27 Scale Mail Armor
21:26 Forging
22:34 Scale Barding Armor
22:20 Fletching
24:16 Bloodlines
28:03 Castle Age
27:47 Gold Mining
27:47 Stone Mining
31:20 Iron Casting
31:06 Heavy Plow
31:19 Bow Saw
32:37 Chain Barding Armor
32:48 Hand Cart
33:52 Long Swordsman
34:33 Squires
39:01 Imperial Age
41:17 Conscription
40:19 Cavalier
42:08 Blast Furnace
41:44 Plate Barding Armor
41:39 Caravan
43:06 Crop Rotation
45:39 Paladin
49:50 Bodkin Arrow
58:22 Ballistics
59:03 Chemistry
62:25 Ballistics
63:09 Chemistry
77:01 Two-Man Saw
76:30 Crossbowman
76:32 Elite Skirmisher
76:46 Pikeman
77:49 Elite Skirmisher
78:41 Gambesons
79:07 Padded Archer Armor
seanbennet37
7:26 Loom
9:56 Feudal Age
10:22 Double-Bit Axe
11:14 Wheelbarrow
10:28 Horse Collar
15:09 Town Watch
28:00 Castle Age
28:25 Crossbowman
29:11 Thumb Ring
29:21 Squires
30:16 Capped Ram
31:06 Bloodlines
32:10 Elite Skirmisher
32:25 Light Cavalry
35:11 Hand Cart
39:52 Imperial Age
37:44 Forging
38:26 Steppe Husbandry
39:15 Iron Casting
38:45 Scale Barding Armor
39:50 Heavy Plow
39:43 Gold Mining
40:01 Hussar
40:52 Bow Saw
41:17 Crop Rotation
41:27 Gold Shaft Mining
40:43 Stone Mining
43:05 Conscription
45:20 Blast Furnace
45:33 Chain Barding Armor
47:53 Hoardings
48:27 Heavy Cavalry Archer
49:34 Parthian Tactics
50:29 Two-Man Saw
51:01 Pikeman
51:40 Halberdier
57:42 Fletching
60:02 Ballistics
60:43 Chemistry
59:39 Murder Holes
59:45 Bodkin Arrow
59:50 Padded Archer Armor
62:13 Elite Steppe Lancer
64:09 Caravan
75:49 Scale Mail Armor
The Buzzard
17:53 Feudal Age
18:18 Horse Collar
18:31 Gold Mining
18:32 Stone Mining
18:29 Double-Bit Axe
18:46 Stone Mining
21:23 Wheelbarrow
20:34 Town Watch
20:36 Loom
25:07 Castle Age
26:42 Hand Cart
32:20 Bow Saw
42:38 Imperial Age
41:17 Coinage
44:26 Two-Man Saw
43:34 Heavy Plow
46:17 Crop Rotation
47:41 Man-at-Arms
47:42 Pikeman
48:07 Gambesons
48:10 Arson
49:51 Thumb Ring
49:06 Crossbowman
49:07 Elite Skirmisher
49:11 Long Swordsman
51:38 Arbalester
53:34 Bloodlines
53:24 Husbandry
52:46 Light Cavalry
69:11 Town Patrol
73:50 Light Cavalry
73:52 Cavalier
74:34 Husbandry
Connection lost

Rejoining the realm…

Still unreachable

The connection could not be restored.

Session expired

The server has moved on; the page needs a fresh start.